AoeStats
← bkg45

Fortress

507877799Analyzed
4v4 RM · 11d ago on Sep 20, 2026· 65m 44s· 8 players
Game mode
Random Map
Map size
Huge
Population
200
Speed
Normal
Resources
Standard
Victory
Conquest
Starting age
Dark Age
Ending age
Imperial Age
RankedLock teamsTeams togetherTeam positionsShared explorationLock speedFull tech treeHidden civsTurbo modeCheats
Victory
Defeat
🇦🇷 Slavs · Argentina
1395
+12
🇨🇱 Japanese · Chile
1355
+14
🇨🇱 Mongols · Chile
1324
+15
🇺🇸 Britons · United States
1278
+18
🇨🇦 Saracens · Canada
1341
-16
🇺🇸 Dravidians · United States
1319
-15
🇪🇨 Khmer · Ecuador
1291
-14
🇺🇸 Hindustanis · United States
1281
-14
Howie
1:12 Loom
9:17 Feudal Age
13:47 Castle Age
12:25 Double-Bit Axe
16:02 Bow Saw
15:51 Horse Collar
18:32 Wheelbarrow
19:55 Hand Cart
20:54 Heavy Plow
27:12 Imperial Age
24:53 Scale Barding Armor
24:59 Forging
25:08 Town Watch
25:30 Scale Mail Armor
25:22 Fletching
25:32 Padded Archer Armor
25:32 Gold Mining
26:27 Bloodlines
26:18 Husbandry
26:57 Chain Barding Armor
27:18 Gold Shaft Mining
27:19 Heavy Camel Rider
28:45 Conscription
29:10 Grand Trunk Road
30:05 Plate Barding Armor
30:07 Iron Casting
29:47 Chain Mail Armor
29:28 Fletching
29:55 Town Patrol
30:15 Caravan
29:51 Imperial Camel Rider
31:52 Two-Man Saw
32:52 Light Cavalry
35:22 Blast Furnace
34:38 Chain Mail Armor
34:19 Bodkin Arrow
34:24 Padded Archer Armor
34:45 Siege Elephant
36:54 Chemistry
36:05 Masonry
37:45 Hussar
41:25 Ballistics
41:11 Siege Engineers
41:08 Bracer
41:24 Leather Archer Armor
43:58 Thumb Ring
44:56 Elite Ghulam
46:38 Hoardings
46:42 Ring Archer Armor
49:20 Squires
49:06 Arson
48:41 Pikeman
53:02 Elite Skirmisher
62:11 Shatagni
old man
7:23 Feudal Age
8:52 Loom
9:09 Loom
12:08 Castle Age
10:28 Double-Bit Axe
11:03 Horse Collar
13:11 Bow Saw
16:52 Wheelbarrow
19:31 Forging
20:37 Gold Mining
25:31 Imperial Age
23:30 Fletching
23:46 Heavy Plow
23:44 Treadmill Crane
24:14 Masonry
24:08 Stone Mining
24:59 Bloodlines
24:58 Elite Skirmisher
26:34 Conscription
27:25 Gold Shaft Mining
26:58 Padded Archer Armor
26:59 Husbandry
28:03 Bodkin Arrow
28:08 Scale Mail Armor
28:43 Scale Barding Armor
29:30 Parthian Tactics
30:17 Iron Casting
32:17 Ballistics
32:19 Chain Mail Armor
33:53 Plate Mail Armor
33:43 Chain Barding Armor
33:53 Plate Mail Armor
35:57 Hoardings
35:48 Chain Barding Armor
36:34 Blast Furnace
35:50 Leather Archer Armor
36:32 Hand Cart
36:33 Squires
36:18 Arson
38:09 Chemistry
37:41 Bracer
37:47 Bracer
38:27 Plate Barding Armor
38:56 Thumb Ring
39:49 Elite Mameluke
41:19 Ring Archer Armor
43:19 Two-Man Saw
43:14 Masonry
43:01 Murder Holes
45:09 Caravan
45:16 Light Cavalry
47:58 Crossbowman
49:23 Arbalester
53:00 Town Watch
53:52 Hussar
55:05 Town Patrol
[ECU] PALADINFRANCO
7:02 Feudal Age
7:43 Double-Bit Axe
7:42 Horse Collar
8:39 Wheelbarrow
12:28 Castle Age
11:58 Scale Barding Armor
13:09 Bloodlines
15:12 Light Cavalry
15:37 Light Cavalry
28:57 Loom
35:03 Imperial Age
37:30 Chain Barding Armor
46:32 Husbandry
52:12 Plate Barding Armor
51:48 Forging
52:09 Hussar
54:43 Hand Cart
bkg45
8:59 Feudal Age
9:54 Double-Bit Axe
12:58 Castle Age
10:56 Horse Collar
13:57 Bow Saw
13:48 Heavy Plow
14:24 Loom
15:50 Wheelbarrow
20:44 Gold Mining
21:40 Hand Cart
23:02 Town Watch
26:08 Imperial Age
23:56 Padded Archer Armor
23:54 Fletching
24:23 Town Patrol
25:17 Leather Archer Armor
25:25 Bodkin Arrow
26:20 Thumb Ring
26:13 Elite Elephant Archer
26:54 Bracer
27:24 Ring Archer Armor
27:39 Ballistics
27:55 Conscription
29:04 Chemistry
28:17 Medical Corps
29:16 Scale Barding Armor
29:22 Forging
29:06 Siege Elephant
30:03 Husbandry
30:48 Chain Barding Armor
33:36 Iron Casting
40:07 Blast Furnace
39:46 Caravan
51:50 Coinage
52:33 Two-Man Saw
64:27 Wootz Steel
64:43 Hoardings
peona
7:54 Feudal Age
8:57 Double-Bit Axe
11:38 Castle Age
10:05 Horse Collar
11:16 Loom
11:54 Fletching
14:27 Bow Saw
17:58 Heavy Plow
19:12 Wheelbarrow
21:19 Gold Mining
21:20 Stone Mining
22:45 Bodkin Arrow
22:50 Padded Archer Armor
23:40 Elite Skirmisher
24:55 Leather Archer Armor
25:25 Gold Shaft Mining
25:12 Hand Cart
24:43 Town Watch
26:24 Ballistics
25:47 Treadmill Crane
29:39 Imperial Age
27:33 Guard Tower
27:54 Masonry
28:16 Murder Holes
29:28 Yeomen
29:27 Scale Mail Armor
29:38 Forging
30:28 Bracer
30:58 Ring Archer Armor
31:30 Chemistry
31:05 Architecture
31:27 Arrowslits
32:39 Keep
31:42 Light Cavalry
32:23 Husbandry
32:34 Pikeman
33:14 Squires
34:07 Conscription
35:34 Chain Mail Armor
35:25 Scale Barding Armor
35:00 Crossbowman
37:51 Two-Man Saw
37:50 Chain Barding Armor
38:00 Plate Mail Armor
37:51 Cavalier
39:12 Iron Casting
52:00 Plate Barding Armor
57:16 Blast Furnace
58:07 Pikeman
62:19 Caravan
john wick
7:40 Feudal Age
10:23 Wheelbarrow
12:13 Castle Age
10:11 Double-Bit Axe
10:14 Horse Collar
14:39 Forging
15:01 Squires
15:14 Scale Mail Armor
16:37 Chain Mail Armor
18:57 Loom
20:31 Town Watch
22:07 Iron Casting
29:39 Heavy Plow
31:57 Bow Saw
34:51 Imperial Age
32:52 Stone Mining
33:29 Gambesons
33:30 Arson
35:00 Fletching
35:59 Hand Cart
36:22 Plate Mail Armor
37:29 Blast Furnace
35:59 Capped Ram
36:52 Elite Samurai
40:30 Gold Mining
41:57 Kataparuto
41:57 Conscription
41:38 Yasama
42:14 Hoardings
42:02 Ballistics
42:43 Chemistry
41:34 Guard Tower
42:18 Bodkin Arrow
58:41 Bracer
58:30 Arrowslits
59:21 Keep
58:28 Treadmill Crane
58:44 Murder Holes
58:57 Caravan
61:12 Gold Shaft Mining
The Geo
9:10 Feudal Age
13:33 Castle Age
11:38 Gold Mining
11:34 Double-Bit Axe
12:17 Horse Collar
15:05 Wheelbarrow
15:00 Bow Saw
14:41 Fletching
17:24 Bodkin Arrow
19:56 Town Watch
24:08 Ballistics
24:17 Padded Archer Armor
26:07 Leather Archer Armor
26:42 Masonry
27:59 Thumb Ring
31:06 Imperial Age
29:00 Heavy Plow
30:16 Gold Shaft Mining
29:51 Loom
32:27 Bracer
33:28 Chemistry
33:21 Conscription
33:36 Parthian Tactics
37:33 Scale Barding Armor
38:33 Hoardings
38:28 Bloodlines
38:09 Light Cavalry
39:00 Forging
39:11 Chain Barding Armor
39:38 Hussar
41:10 Onager
46:13 Siege Engineers
46:27 Murder Holes
48:44 Capped Ram
53:45 Siege Ram
57:51 Husbandry
58:14 Heavy Camel Rider
61:13 Caravan
64:13 Drill
I hate Arabia
8:31 Feudal Age
9:23 Double-Bit Axe
9:21 Horse Collar
12:08 Castle Age
13:35 Bow Saw
13:27 Heavy Plow
15:59 Wheelbarrow
17:55 Loom
18:26 Hand Cart
19:32 Town Watch
20:24 Gold Mining
20:24 Stone Mining
23:56 Detinets
24:37 Gold Shaft Mining
26:43 Imperial Age
27:04 Scale Barding Armor
27:09 Forging
28:37 Two-Man Saw
28:08 Crop Rotation
28:43 Conscription
29:00 Hoardings
28:48 Chain Barding Armor
28:07 Elite Boyar
30:29 Chemistry
29:39 Masonry
29:57 Ballistics
30:14 Plate Barding Armor
30:14 Iron Casting
29:30 Fletching
30:44 Husbandry
30:54 Bloodlines
31:19 Fortified Wall
31:06 Murder Holes
32:12 Chemistry
32:31 Coinage
33:15 Blast Furnace
33:21 Bodkin Arrow
34:25 Light Cavalry
35:08 Padded Archer Armor
35:56 Banking
35:33 Siege Engineers
35:55 Hussar
38:35 Scale Mail Armor
38:50 Leather Archer Armor
39:43 Chain Mail Armor
39:37 Pikeman
40:18 Squires
40:38 Squires
41:09 Plate Mail Armor
40:54 Halberdier
44:35 Druzhina
47:33 Capped Ram
48:17 Man-at-Arms
50:32 Ring Archer Armor
49:41 Siege Ram
50:18 Long Swordsman
51:44 Two-Handed Swordsman
56:20 Caravan
Connection lost

Rejoining the realm…

Still unreachable

The connection could not be restored.

Session expired

The server has moved on; the page needs a fresh start.